 Dungeon Crawl Stone Soup version 0.32-a0-711-g016ad743e0 (webtiles) character file.

Game seed: 7550736917978362312

10875 Doorstop00 the Cleaver (level 11, -6/139 (145) HPs)
             Began as a Minotaur Berserker on Sept 20, 2022.
             Was a High Priest of Trog.
             Mangled by a manticore (10 damage)
             ... on level 11 of the Dungeon on Mar 15, 2024.
             The game lasted 02:01:32 (12870 turns).

Doorstop00 the Cleaver (Minotaur Berserker)        Turns: 12870, Time: 02:01:34

HP:   -6/139 (145)  AC: 14    Str: 25    XL:     11   Next: 41%
MP:   10/10         EV: 13    Int:  4    God:    Trog [*****.]
Gold: 409           SH:  0    Dex: 11    Spells: 10/10 levels left

rFire   . . .        j - +3 battleaxe (flame)
rCold   + . .        (shield currently unavailable)
rNeg    . . .        Q - +0 plate armour
rPois   .            (helmet restricted)
rElec   .            (no cloak)
rCorr   .            (no gloves)
SInv    .            (no boots)
Will    .....        V - amulet of regeneration Stlth
                     f - ring of protection from cold
HPRegen 1.23/turn    R - +5 ring of evasion
MPRegen 0.12/turn

%: no passive effects
@: berserking, spiked, lightly drained, very quick
A: horns 2, retaliatory headbutt
a: Renounce Religion, Berserk, Trog's Hand, Brothers in Arms


You were on level 11 of the Dungeon.
You worshipped Trog.
Trog was extremely pleased with you.
You visited 2 branches of the dungeon, and saw 12 of its levels.
You also visited: Ossuary.

You collected 454 gold pieces.
You spent 45 gold pieces at shops.

Inventory:

Hand Weapons
 j - a +3 battleaxe of flaming (weapon)
 D - a +4 long sword of holy wrath
 M - a +2 flail of protection
 O - a +4 flail
Missiles
 L - a throwing net (quivered)
Armour
 d - an orb of mayhem
 B - a scarf of shadows
 G - the +3 leather armour of Watchfulness {rF++ Regen+ SInv}
   (You found it on level 5 of the Dungeon)

   rF++:      It greatly protects you from fire.
   SInv:      It lets you see invisible.
   Regen+:    It increases your rate of health regeneration.
 P - the +0 ring mail "Itoirut" {Dex+5}
   (You found it on level 7 of the Dungeon)

   Dex+5:     It affects your dexterity (+5).
 Q - a +0 plate armour (worn)
Jewellery
 a - a ring of protection from cold
 f - a ring of protection from cold (left hand)
 p - an amulet of the acrobat
 x - a ring of protection from fire
 K - a ring of positive energy
 R - a +5 ring of evasion (right hand)
 S - a ring of flight
 T - a +6 ring of dexterity
 V - an amulet of regeneration (around neck)
Wands
 b - a wand of flame (7)
 k - a wand of polymorph (12)
 r - a wand of digging (8)
 C - a wand of light (3)
 I - a wand of charming (17)
 U - a wand of mindburst (10)
Scrolls
 c - 7 scrolls of identify
 g - a scroll of butterflies {unknown}
 l - a scroll of enchant weapon {unknown}
 q - a scroll of enchant armour
 s - 3 scrolls of teleportation
 t - 2 scrolls of poison
 u - a scroll of immolation
 v - 2 scrolls of revelation
 y - 3 scrolls of fear
 A - a scroll of fog {unknown}
 F - a scroll of brand weapon {unknown}
 H - a scroll of blinking {unknown}
Potions
 e - 8 potions of curing
 h - a potion of cancellation
 i - 2 potions of attraction
 m - 3 potions of berserk rage
 o - a potion of might
 w - 2 potions of enlightenment
 E - 3 potions of heal wounds
 J - a potion of resistance


   Skills:
 * Level 9.5 Fighting
 * Level 2.2 Long Blades
 * Level 11.5(13.3) Axes
 * Level 11.0(13.1) Maces & Flails
 * Level 9.5 Armour
 * Level 7.1 Dodging
 + Level 1.4 Stealth
 + Level 0.7 Unarmed Combat
 + Level 0.8 Evocations


You had 10 spell levels left.
You didn't know any spells.
Your spell library was empty.

Dungeon Overview and Level Annotations

Branches:
Dungeon (11/15)            Temple (0/1) D:4            Lair (1/5) D:9
    Orc (0/2) D:10        Ossuary (visited)

Altars:
Fedhas
Ru
Uskayaw
Vehumet
Zin

Shops:
D:3 **(   D:10 :

Annotations:
D:7 exclusion: oklob plant


Innate Abilities, Weirdness & Mutations

You have a pair of horns on your head.
You reflexively headbutt those who attack you in melee.


Message History

The spectral orc knight barely misses you.
The spectral orc warrior closely misses you.
The spectral orc knight hits you with a +0 halberd!
* * * LOW HITPOINT WARNING * * *
A red film seems to cover your vision as you go berserk!
You feel yourself moving faster!
You feel mighty!
Nergalle gestures at the spectral orc warrior while chanting.
The spectral orc warrior seems to speed up.
The manticore flicks its tail.
The volley of spikes skewers you!!
More barbed spikes become lodged in your body.
* * * LOW HITPOINT WARNING * * *
The spectral orc knight hits you but does no damage.
The spectral orc warrior closely misses you.
You furiously retaliate!
You headbutt the spectral orc warrior!
You destroy the spectral orc warrior!
The spectral orc warrior disappears in a puff of smoke!
The spectral orc knight hits you with a +0 halberd!
* * * LOW HITPOINT WARNING * * *
You closely miss Nergalle. Your headbutt misses Nergalle.
Nergalle is almost dead.
You slash the spectral orc knight! You burn the spectral orc knight.
Nergalle hits you but does no damage.
You closely miss Nergalle.
You headbutt Nergalle, but do no damage.
Nergalle is almost dead.
You slash the manticore! You burn the manticore.
You slash the spectral orc knight! You burn the spectral orc knight.
The spectral orc knight barely misses you.
The spectral orc knight hits you from afar with a +0 halberd!
* * * LOW HITPOINT WARNING * * *
You are too berserk!
You are too berserk!
You slash Nergalle! You burn Nergalle.
You kill Nergalle!
Trog accepts your kill.
Trog appreciates your killing of a magic user.
The spectral orc knight disappears in a puff of smoke! x2
You slash the manticore! You burn the manticore. The manticore bites you!
You die...

#
####.######....#
# #......#>...#
######.#....#
#.###.##
#.###'##
######......#
#<..........#
###.........#
#.)@§###.##
#..H)# #.#
....§..# #..
.......... ..#.
....$...)....#.#
#...........
.......####..
..##### ...


You could see a manticore.

Vanquished Creatures
  A two-headed ogre (D:11)
  Nergalle (D:11)
  Joseph (D:7)
  2 black mambas (Lair:1)
  Jeremiah (D:9)
  Psyche (D:9)
  3 trolls
  Grinder (D:5)
  A vampire (D:11)
  A shadow (D:9)
  2 wraiths
  2 wyverns
  11 yaks
  3 steam dragons (D:7)
  Grum (D:7)
  2 water moccasins
  5 sky beasts
  3 ice beasts
  3 orc warriors
  2 ogres (D:6)
  3 wolves
  5 centaurs
  A kobold brigand (D:7)
  5 bullfrogs
  3 scorpions
  8 wights
  8 killer bees (D:9)
  A howler monkey (D:8)
  A bullfrog zombie (Ossuary)
  A jelly (D:6)
  9 orc priests
  A gnoll bouda (D:7)
  A sleepcap (D:4)
  4 hounds
  7 iguanas
  Ijyb (D:4)
  10 orc wizards
  4 crocodile zombies (Ossuary)
  4 hound zombies (Ossuary)
  9 mummies (Ossuary)
  3 howler monkey zombies (Ossuary)
  9 gnolls
  6 adders
  A white imp (D:6)
  2 ufetubi (D:5)
  4 ribbon worms
  8 dart slugs
  36 orcs
  9 bats
  3 endoplasms
  4 giant cockroaches
  9 goblins
  5 hobgoblins
  13 kobolds
  6 quokkas
  8 ball pythons
  5 ball python zombies (Ossuary)
  3 frilled lizards
  7 rats
274 creatures vanquished.

Vanquished Creatures (others)
  An orc (D:5)
1 creature vanquished.

Grand Total: 275 creatures vanquished

Notes
Turn   | Place    | Note
-------+----------+-------------------------------------------
     0 | D:1      | Doorstop00 the Minotaur Berserker began the quest for the
                  | Orb.
     0 | D:1      | Reached XP level 1. HP: 19/19 MP: 0/0
    27 | D:1      | Upgraded the game from 0.30-a0-135-g630cfc4551 to
                  | 0.30-a0-137-gd8773701ce
   218 | D:1      | Reached XP level 2. HP: 17/27 MP: 1/1
   544 | D:1      | Found a faded altar of an unknown god.
   955 | D:1      | Reached ** piety under Trog
  1076 | D:1      | Found a glowing silver altar of Zin.
  1110 | D:2      | Reached XP level 3. HP: 29/33 MP: 2/2
  1163 | D:2      | Identified the +1 robe of Ru's Approval {rCorr Str-5
                  | Slay+5}
  2109 | D:3      | Reached XP level 4. HP: 40/41 MP: 3/3
  2392 | D:3      | Upgraded the game from 0.30-a0-137-gd8773701ce to
                  | 0.32-a0-705-g60f233581c
  2418 | D:3      | Found Qicvur's Assorted Antiques.
  2430 | D:3      | Bought a scroll labelled QIMIXKI QODU for 24 gold pieces
  2430 | D:3      | Bought a fizzy brown potion for 21 gold pieces
  2504 | D:3      | Found Bemi's Weapon Shop.
  2605 | D:3      | Reached skill level 5 in Fighting
  2648 | D:3      | Found Laosoargh's General Store.
  2708 | D:3      | Reached XP level 5. HP: 48/48 MP: 4/4
  2991 | D:4      | Found a sand-covered staircase.
  3012 | D:4      | Found a staircase to the Ecumenical Temple.
  3055 | D:4      | Reached skill level 5 in Axes
  3088 | D:4      | Reached *** piety under Trog
  3112 | D:4      | Reached skill level 1 in Maces & Flails
  3418 | D:4      | Found a radiant altar of Vehumet.
  3523 | Ossuary  | Entered an ossuary
  3535 | Ossuary  | Reached XP level 6. HP: 55/56 MP: 5/5
  3634 | Ossuary  | Reached skill level 5 in Armour
  3666 | Ossuary  | Reached XP level 7. HP: 59/61 MP: 6/6
  3814 | Ossuary  | Reached **** piety under Trog
  4765 | D:5      | Entered Level 5 of the Dungeon
  4846 | D:5      | Noticed Ijyb
  4872 | D:4      | Killed Ijyb
  5152 | D:5      | Reached XP level 8. HP: 69/70 MP: 7/7
  5513 | D:5      | Noticed Grinder
  5513 | D:5      | Noticed a troll
  5538 | D:5      | Killed Grinder
  5540 | D:5      | Killed a troll
  5740 | D:5      | Identified the +3 leather armour of Watchfulness {rF++
                  | Regen+ SInv}
  6114 | D:5      | Found a hide-covered altar of Uskayaw.
  6671 | D:6      | Reached skill level 1 in Stealth
  6671 | D:6      | Reached XP level 9. HP: 73/78 MP: 8/8
  6692 | D:6      | Reached skill level 5 in Maces & Flails
  7502 | D:7      | Identified the +1 robe "Lugugan" {*Corrode Int+4 Dex+3}
  7592 | D:7      | Reached ***** piety under Trog
  7620 | D:7      | Reached skill level 5 in Dodging
  7705 | D:7      | Found a blossoming altar of Fedhas.
  7723 | D:7      | Noticed an oklob plant
  8018 | D:7      | Upgraded the game from 0.32-a0-705-g60f233581c to
                  | 0.32-a0-711-g016ad743e0
  8058 | D:7      | Identified the +0 ring mail "Itoirut" {Dex+5}
  8277 | D:7      | Noticed Joseph
  8440 | D:7      | Killed Joseph
  8785 | D:8      | Noticed Grum
  8791 | D:8      | Reached XP level 10. HP: 85/86 MP: 9/9
  8830 | D:7      | HP: 4/86 [Grum/+0 glaive (3)]
  8904 | D:7      | Killed Grum
  9906 | D:9      | Found a staircase to the Lair.
  9925 | D:9      | Noticed Psyche
  9944 | D:9      | Killed Psyche
 10014 | D:9      | Noticed Jeremiah
 10028 | D:9      | Killed Jeremiah
 10067 | D:9      | Found a sacrificial altar of Ru.
 10123 | D:9      | Reached skill level 10 in Axes
 10131 | D:9      | Received a gift from Trog
 10132 | D:9      | Reached skill level 10 in Maces & Flails
 11770 | Lair:1   | Entered Level 1 of the Lair of Beasts
 11770 | Lair:1   | Noticed a black mamba
 11770 | Lair:1   | Noticed a black mamba
 11775 | Lair:1   | Killed a black mamba
 11776 | Lair:1   | Reached XP level 11. HP: 83/97 MP: 10/10
 11812 | D:10     | Entered Level 10 of the Dungeon
 12277 | D:10     | Reached skill level 1 in Long Blades
 12280 | D:10     | Found a staircase to the Orcish Mines.
 12434 | D:10     | Found Jeqilam's Self-Improvement Boutique.
 12677 | D:11     | Noticed a two-headed ogre
 12683 | D:11     | Killed a two-headed ogre
 12855 | D:11     | Noticed Nergalle
 12869 | D:11     | HP: 3/139 [spectral orc knight/+0 halberd[Nergalle] (13)]
 12870 | D:11     | Killed Nergalle
 12870 | D:11     | Mangled by a manticore

Illustrated notes

Levels and vault maps discovered:
D:1:      dpeg_arrival_water_altar, layout_basic,
          shapermc_ecumenical_altar_petra
D:2:      layout_basic
D:3:      layout_basic, serial_shops, shop_statue, nicolae_shop_crystal,
          nicolae_shop_trees
D:4:      layout_gridville, fiery_altar_vehumet, minmay_temple_entry_mini_moons,
          nicolae_ossuary_entry_false_entrances
D:5:      kennysheep_big_flooded_room, layout_layer_cave,
          general_overflow_altar, uniq_grinder, uniq_ijyb
D:6:      layout_loops_corners
D:7:      layout_loops_ring, tgw_fedhas, uniq_joseph
D:8:      layout_cave_pools, nicolae_underground_beach, uniq_grum
D:9:      layout_layer_cave, nicolae_ru_great_annihilating_truth,
          dpeg_oklobed_lair, uniq_psyche, uniq_jeremiah
D:10:     layout_roguey, orc_0_dummy, nicolae_shop_self_help
D:11:     layout_basic, uniq_nergalle
Lair:1:   layout_gridlike, cheibrodos_lair_reptile_den

Skill      XL: |  1  2  3  4  5  6  7  8  9 10 11 |
---------------+----------------------------------+-----
Axes           | 4 5 6 8 9 10 11 | 11.5
Fighting       | 4 5 6 7 9 |  9.5
Armour         | 3 4 5 7 8 9 |  9.5
Maces & Flails | 1 2 3 4 8 10 11 | 11.0
Dodging        | 3 4 5 6 7 |  7.1
Stealth        | 1 |  1.4
Long Blades    | 2 |  2.2
Unarmed Combat | |  0.7
Evocations     | |  0.8

Action                     |  1- 3 |  4- 6 |  7- 9 | 10-12 || total
---------------------------+-------+-------+-------+-------++-------
  Melee: Hand axe          |   100 |    22 |       |       ||   122
         Headbutt          |    18 |    28 |    91 |    45 ||   182
         Punch             |     1 |       |       |       ||     1
         War axe           |       |    99 |    83 |       ||   182
         Club              |       |       |   104 |       ||   104
         Flail             |       |       |   189 |   137 ||   326
         Unarmed           |       |       |    22 |       ||    22
         Battleaxe         |       |       |       |   110 ||   110
 Invoke: Berserk           |       |     1 |     4 |     2 ||     7
  Evoke: Wand              |     1 |       |       |     8 ||     9
    Use: Scroll            |     1 |     2 |     3 |     9 ||    15
         Potion            |       |       |     5 |     1 ||     6
   Stab: Distracted        |       |       |     3 |       ||     3
 Armour: Animal skin       |     2 |       |       |       ||     2
         Chain mail        |    46 |    99 |   123 |       ||   268
         Leather armour    |       |       |    85 |    97 ||   182
         Skin              |       |       |     9 |       ||     9
         Plate armour      |       |       |       |    82 ||    82
  Dodge: Dodged            |    47 |    49 |   224 |   176 ||   496

Table legend: (Time is in decaauts)
 A = Elapsed time spent in this place.
 B = Non-inter-level travel time spent in this place.
 C = Inter-level travel time spent in this place.
 D = Time resting spent in this place.
 E = Time spent auto-exploring this place.
 F = Levels seen in this place.
 G = Mean time per level.
                   A        B        C        D        E       F      G
               +--------+--------+--------+--------+--------+-----+--------+
         Total |  13037 |  12205 |    832 |   1510 |   2558 |  13 | 1002.8 |
       Dungeon |  12471 |  11640 |    831 |   1445 |   2558 |  11 | 1133.7 |
          Lair |     12 |     12 |      0 |      0 |      0 |   1 |   12.0 |
       Ossuary |    553 |    553 |      0 |     64 |      0 |   1 |  553.0 |
               +--------+--------+--------+--------+--------+-----+--------+

Top non-repeatable levels by time:
     D:9: 1891 daAuts
     D:7: 1718 daAuts
     D:4: 1675 daAuts
     D:5: 1318 daAuts
     D:6: 1307 daAuts
     D:2: 1208 daAuts
     D:1: 1112 daAuts
    D:10: 759 daAuts
     D:3: 607 daAuts
     D:8: 569 daAuts
 Ossuary: 553 daAuts
    D:11: 305 daAuts
  Lair:1: 12 daAuts
